PAA
CASPER GHOSTS @ SPRINGFIELD SHOOTERS
09/04/2023
 
TOP OF THE 1ST
Casper Ghosts batting - Pitching for Springfield Shooters : RHP Jim Unknown
Pitching: RHP Jim Unknown
Batting: RHB Henry Appleby 0-0: Swinging Strike
0-1: Ball
1-1: Swinging Strike
1-2: Strikes out swinging
Batting: RHB Raúl Ruíz 0-0: Called Strike
0-1: Swinging Strike
0-2: Ball
1-2: Strikes out looking
Batting: LHB Mysterious Walker 0-0: Ball
1-0: Called Strike
1-1: Ball
2-1: Foul Ball, location: 2F
2-2: Foul Ball, location: 2F
2-2: Foul Ball, location: 2F
2-2: Foul Ball, location: 2F
2-2: Ball
3-2: Foul Ball, location: 2F
3-2: Base on Balls
Batting: RHB Jim Unknown 0-0: Called Strike
0-1: Ball
1-1: Ball
2-1: Swinging Strike
2-2: Ground out 6-3 (Groundball, 6)
Top of the 1st over - 0 run(s), 0 hit(s), 0 error(s), 1 left on base; Casper 0 - Springfield 0
BOTTOM OF THE 1ST
Springfield Shooters batting - Pitching for Casper Ghosts : RHP Jeremy de Vos
Pitching: RHP Jeremy de Vos
Batting: SHB Albert Santos 0-0: Ball
1-0: Ball
2-0: Fly out, F9 (Line Drive, 89S)
Batting: RHB Michael Hicks 0-0: Ball
1-0: Ball
2-0: Ball
3-0: Called Strike
3-1: Called Strike
3-2: Base on Balls
Batting: SHB Jared Jefferson 0-0: Swinging Strike
0-1: Ball
1-1: Ball
2-1: Fly out, F7 (Flyball, 7D)
Batting: RHB Ethan Miller 0-0: Ball
1-0: Fly out, F7 (Line Drive, 7S)
Bottom of the 1st over - 0 run(s), 0 hit(s), 0 error(s), 1 left on base; Casper 0 - Springfield 0
TOP OF THE 2ND
Casper Ghosts batting - Pitching for Springfield Shooters : RHP Jim Unknown
Batting: SHB José Juárez 0-0: Ground out 4-3 (Groundball, 4)
Batting: RHB Mark Davis 0-0: Ground out 3-1 (Groundball, 34)
Batting: RHB Dave Young 0-0: Ball
1-0: Foul Ball, location: 2F
1-1: Ball
2-1: Swinging Strike
2-2: Strikes out swinging
Top of the 2nd over - 0 run(s), 0 hit(s), 0 error(s), 0 left on base; Casper 0 - Springfield 0
BOTTOM OF THE 2ND
Springfield Shooters batting - Pitching for Casper Ghosts : RHP Jeremy de Vos
Batting: RHB Roy Herring 0-0: Called Strike
0-1: Ball
1-1: Ball
2-1: Foul Ball, location: 2F
2-2: Fly out, F5 (Line Drive, 56)
Batting: LHB Brad Shockley 0-0: Ball
1-0: Ball
2-0: Ground out 4-3 (Groundball, 13)
Batting: RHB Lee Charles 0-0: Called Strike
0-1: Ball
1-1: Ball
2-1: Ball
3-1: Base on Balls
Batting: RHB Sergio Delgado 0-0: Ball
1-0: Called Strike
1-1: Swinging Strike
1-2: Strikes out swinging
Bottom of the 2nd over - 0 run(s), 0 hit(s), 0 error(s), 1 left on base; Casper 0 - Springfield 0
TOP OF THE 3RD
Casper Ghosts batting - Pitching for Springfield Shooters : RHP Jim Unknown
Batting: RHB Lorenzo Díaz 0-0: Ball
1-0: Called Strike
1-1: SINGLE (Line Drive, 56D)
Batting: RHB Ron Coffman 0-0: Ball
1-0: Foul Ball, location: 2F
1-1: Foul Ball, location: 2F
1-2: Strikes out swinging
Batting: RHB Henry Appleby 0-0: Ball
1-0: Called Strike
1-1: Ball
2-1: Foul Ball, location: 2F
2-2: Ball
3-2: Foul Ball, location: 2F
3-2: DOUBLE (Line Drive, 78M)
Lorenzo Díaz to third
Batting: RHB Raúl Ruíz 0-0: Called Strike
0-1: Swinging Strike
0-2: Ground out 6-3 (Groundball, 6)
Lorenzo Díaz scores
Batting: LHB Mysterious Walker 0-0: Ball
1-0: Called Strike
1-1: SINGLE (Groundball, 23) (infield hit)
Henry Appleby to third
Batting: RHB Jim Unknown 0-0: Foul Ball, location: 2F
0-1: Ball
1-1: Foul Ball, location: 2F
1-2: SINGLE (Line Drive, 7LS)
Henry Appleby scores
Mysterious Walker to second
Batting: SHB José Juárez 0-0: Ball
1-0: Ball
2-0: 3-RUN HOME RUN (Flyball, 9D), Distance : 354 ft
Batting: RHB Mark Davis 0-0: Ball
1-0: Ball
2-0: Called Strike
2-1: Foul Ball, location: 2F
2-2: Strikes out looking
Top of the 3rd over - 5 run(s), 5 hit(s), 0 error(s), 0 left on base; Casper 5 - Springfield 0
BOTTOM OF THE 3RD
Springfield Shooters batting - Pitching for Casper Ghosts : RHP Jeremy de Vos
Batting: SHB Eugene Bentley 0-0: Ball
1-0: Swinging Strike
1-1: Ball
2-1: Foul Ball, location: 2F
2-2: Fly out, F5 (Popup, 5F)
Batting: SHB Albert Santos 0-0: Called Strike
0-1: Ball
1-1: Foul Ball, location: 2F
1-2: Ground out U3 (Groundball, 3S)
Batting: RHB Michael Hicks 0-0: Ball
1-0: Called Strike
1-1: Fly out, F7 (Line Drive, 7M)
Bottom of the 3rd over - 0 run(s), 0 hit(s), 0 error(s), 0 left on base; Casper 5 - Springfield 0
TOP OF THE 4TH
Casper Ghosts batting - Pitching for Springfield Shooters : RHP Jim Unknown
Batting: RHB Dave Young 0-0: Foul Ball, location: 2F
0-1: Called Strike
0-2: Ground out 5-3 (Groundball, 56S)
Batting: RHB Lorenzo Díaz 0-0: Ground out 6-3 (Groundball, 6)
Batting: RHB Ron Coffman 0-0: Called Strike
0-1: Foul Ball, location: 2F
0-2: Ball
1-2: Ball
2-2: Foul Ball, location: 2F
2-2: Strikes out looking
Top of the 4th over - 0 run(s), 0 hit(s), 0 error(s), 0 left on base; Casper 5 - Springfield 0
BOTTOM OF THE 4TH
Springfield Shooters batting - Pitching for Casper Ghosts : RHP Jeremy de Vos
Batting: SHB Jared Jefferson 0-0: Ball
1-0: Fly out, F6 (Popup, 6MD)
Batting: RHB Ethan Miller 0-0: Ball
1-0: Called Strike
1-1: DOUBLE (Line Drive, 78M)
Batting: RHB Roy Herring 0-0: Called Strike
0-1: Ball
1-1: Ball
Wild Pitch!
Ethan Miller to third
2-1: Ball
3-1: Base on Balls
Batting: LHB Brad Shockley 0-0: Ball
1-0: Foul Ball, location: 2F
1-1: Foul Ball, location: 2F
1-2: Ball
2-2: Strikes out swinging
Batting: RHB Lee Charles 0-0: Ball
1-0: Foul Ball, location: 2F
1-1: Fly out, F6 (Popup, 6)
Bottom of the 4th over - 0 run(s), 1 hit(s), 0 error(s), 2 left on base; Casper 5 - Springfield 0
TOP OF THE 5TH
Casper Ghosts batting - Pitching for Springfield Shooters : RHP Jim Unknown
Batting: RHB Henry Appleby 0-0: Ball
1-0: Foul Ball, location: 2F
1-1: Ball
2-1: Foul Ball, location: 2F
2-2: SINGLE (Groundball, 4M)
Batting: RHB Raúl Ruíz 0-0: Called Strike
0-1: Sac Bunt - play at first, batter OUT! 5-4
Henry Appleby to second
Batting: LHB Mysterious Walker 0-0: Called Strike
0-1: Fly out, F4 (Line Drive, 4)
0-1: Lined into DP, 4-6 (Line Drive, 4)
Top of the 5th over - 0 run(s), 1 hit(s), 0 error(s), 0 left on base; Casper 5 - Springfield 0
BOTTOM OF THE 5TH
Springfield Shooters batting - Pitching for Casper Ghosts : RHP Jeremy de Vos
Batting: RHB Sergio Delgado 0-0: Ball
1-0: Fly out, F9 (Flyball, 89M)
Batting: SHB Eugene Bentley 0-0: Ball
1-0: Swinging Strike
1-1: Fly out, F9 (Line Drive, 9LM)
Batting: SHB Albert Santos 0-0: Called Strike
0-1: Foul Ball, location: 2F
Single, Error in OF, E9, batter to second base
Batting: RHB Michael Hicks 0-0: Foul Ball, location: 2F
0-1: DOUBLE (Flyball, 78D)
Albert Santos scores
Batting: SHB Jared Jefferson 0-0: Ball
1-0: Ball
2-0: Foul Ball, location: 2F
2-1: Fly out, F5 (Popup, 5DF)
Bottom of the 5th over - 1 run(s), 2 hit(s), 1 error(s), 1 left on base; Casper 5 - Springfield 1
TOP OF THE 6TH
Casper Ghosts batting - Pitching for Springfield Shooters : RHP Jim Unknown
Batting: RHB Jim Unknown 0-0: Fly out, F8 (Flyball, 8LM)
Batting: SHB José Juárez 0-0: Ball
1-0: Ball
2-0: Fly out, F7 (Flyball, 78XD)
Batting: RHB Mark Davis 0-0: Called Strike
0-1: Ball
1-1: Ball
2-1: Fly out, F8 (Flyball, 8LD)
Top of the 6th over - 0 run(s), 0 hit(s), 0 error(s), 0 left on base; Casper 5 - Springfield 1
BOTTOM OF THE 6TH
Springfield Shooters batting - Pitching for Casper Ghosts : RHP Jeremy de Vos
Batting: RHB Ethan Miller 0-0: Called Strike
0-1: Ball
1-1: SINGLE (Line Drive, 7S)
Batting: RHB Roy Herring 0-0: Fly out, F8 (Popup, 6MD)
Batting: LHB Brad Shockley 0-0: Ball
1-0: Fly out, F7 (Line Drive, 78XD)
Batting: RHB Lee Charles 0-0: Ball
1-0: Ball
2-0: Foul Ball, location: 2F
2-1: Ball
3-1: Fly out, F7 (Flyball, 7LS)
Bottom of the 6th over - 0 run(s), 1 hit(s), 0 error(s), 1 left on base; Casper 5 - Springfield 1
TOP OF THE 7TH
Casper Ghosts batting - Pitching for Springfield Shooters : RHP Jim Unknown
Batting: RHB Dave Young 0-0: Called Strike
0-1: Ball
1-1: Ball
2-1: Swinging Strike
2-2: Ground out 6-3 (Groundball, 56)
Batting: RHB Lorenzo Díaz 0-0: Ball
1-0: Ground out 4-3 (Groundball, 4)
Batting: RHB Ron Coffman 0-0: Foul Ball, location: 2F
0-1: Ball
1-1: Foul Ball, location: 2F
1-2: Strikes out swinging wild pitch, reaches first!
Batting: RHB Henry Appleby 0-0: Foul Ball, location: 2F
0-1: Foul Ball, location: 2F
0-2: Foul Ball, location: 2F
0-2: Strikes out swinging
Top of the 7th over - 0 run(s), 0 hit(s), 0 error(s), 1 left on base; Casper 5 - Springfield 1
BOTTOM OF THE 7TH
Springfield Shooters batting - Pitching for Casper Ghosts : RHP Jeremy de Vos
Batting: RHB Sergio Delgado 0-0: Called Strike
0-1: Called Strike
0-2: Strikes out swinging
Batting: SHB Eugene Bentley 0-0: Called Strike
0-1: Called Strike
0-2: Fly out, F5 (Popup, 5SF)
Batting: SHB Albert Santos 0-0: Called Strike
0-1: Ball
1-1: Swinging Strike
1-2: SINGLE (Line Drive, 89S)
Pitching: RHP José Vega
Batting: RHB Michael Hicks 0-0: Called Strike
0-1: Foul Ball, location: 2F
0-2: Foul Ball, location: 2F
0-2: Ball
1-2: Foul Ball, location: 2F
1-2: Ball
2-2: Ball
3-2: Foul Ball, location: 2F
3-2: Foul Ball, location: 2F
3-2: Ground out 6-3 (Groundball, 6M)
Bottom of the 7th over - 0 run(s), 1 hit(s), 0 error(s), 1 left on base; Casper 5 - Springfield 1
TOP OF THE 8TH
Casper Ghosts batting - Pitching for Springfield Shooters : RHP Jim Unknown
Batting: RHB Raúl Ruíz 0-0: Ball
1-0: Ground out 5-3 (Groundball, 56)
Pitching: LHP Jim Unknown
Batting: LHB Mysterious Walker 0-0: Ball
1-0: Called Strike
1-1: SINGLE (Groundball, 4)
Batting: RHB Jim Unknown 0-0: Ball
1-0: Ball
2-0: SINGLE (Line Drive, 5)
Mysterious Walker to second
Batting: SHB José Juárez 0-0: Swinging Strike
0-1: Swinging Strike
0-2: Foul Ball, location: 2F
0-2: Ball
1-2: Ball
2-2: Strikes out swinging
Batting: RHB Mark Davis 0-0: Foul Ball, location: 2F
0-1: Ball
1-1: Swinging Strike
1-2: Foul Ball, location: 2F
1-2: Ball
2-2: Ball
3-2: Strikes out swinging
Top of the 8th over - 0 run(s), 2 hit(s), 0 error(s), 2 left on base; Casper 5 - Springfield 1
BOTTOM OF THE 8TH
Springfield Shooters batting - Pitching for Casper Ghosts : RHP José Vega
Batting: SHB Jared Jefferson 0-0: Called Strike
0-1: Swinging Strike
0-2: Strikes out swinging
Batting: RHB Ethan Miller 0-0: Called Strike
0-1: Called Strike
0-2: SINGLE (Line Drive, 7S)
Batting: RHB Roy Herring 0-0: Grounds into double play, 5-4-3 (Groundball, 56)
Bottom of the 8th over - 0 run(s), 1 hit(s), 0 error(s), 0 left on base; Casper 5 - Springfield 1
TOP OF THE 9TH
Casper Ghosts batting - Pitching for Springfield Shooters : LHP Jim Unknown
Pitching: LHP Jim Unknown
Batting: RHB Dave Young 0-0: Called Strike
0-1: Ball
1-1: Swinging Strike
1-2: Ball
2-2: Ball
3-2: Foul Ball, location: 2F
3-2: Base on Balls
Batting: RHB Lorenzo Díaz 0-0: Sac Bunt - play at first, batter OUT! 5-3
Dave Young to second
Batting: RHB Ron Coffman 0-0: Called Strike
0-1: Called Strike
0-2: Ball
1-2: Strikes out swinging
Batting: RHB Henry Appleby 0-0: Ball
1-0: Fly out, F7 (Line Drive, 78XD)
Top of the 9th over - 0 run(s), 0 hit(s), 0 error(s), 1 left on base; Casper 5 - Springfield 1
BOTTOM OF THE 9TH
Springfield Shooters batting - Pitching for Casper Ghosts : RHP José Vega
Pitching: RHP Jim Unknown
Batting: LHB Brad Shockley 0-0: Called Strike
0-1: Called Strike
0-2: Ball
1-2: Ball
2-2: SINGLE (Line Drive, 56)
Batting: RHB Lee Charles 0-0: Ball
1-0: Called Strike
1-1: Swinging Strike
1-2: Ball
2-2: Ball
3-2: Foul Ball, location: 2F
3-2: Strikes out swinging
Batting: RHB Sergio Delgado 0-0: DOUBLE (Flyball, 9D)
Brad Shockley to third
Batting: SHB Eugene Bentley 0-0: 3-RUN HOME RUN (Flyball, 8LXD), Distance : 434 ft
Pitching: RHP Kyle Buckman
Batting: SHB Albert Santos 0-0: Ball
1-0: Called Strike
1-1: Ball
2-1: Ball
3-1: Called Strike
3-2: Ground out 4-3 (Groundball, 4)
Batting: RHB Michael Hicks 0-0: SOLO HOME RUN (Flyball, 8LXD), Distance : 435 ft
Batting: SHB Jared Jefferson 0-0: Ball
1-0: Called Strike
1-1: Fly out, F9 (Flyball, 9M)
Bottom of the 9th over - 4 run(s), 4 hit(s), 0 error(s), 0 left on base; Casper 5 - Springfield 5
TOP OF THE 10TH
Casper Ghosts batting - Pitching for Springfield Shooters : LHP Jim Unknown
Batting: RHB Raúl Ruíz 0-0: Ball
1-0: Foul Ball, location: 2F
1-1: Foul Ball, location: 2F
1-2: Ball
2-2: Ball
3-2: Foul Ball, location: 2F
3-2: Strikes out looking
Pinch Hitting: RHB Warner Robinson 0-0: Called Strike
0-1: Swinging Strike
0-2: Ball
1-2: Strikes out swinging
Batting: RHB Jim Unknown 0-0: Foul Ball, location: 2F
0-1: Swinging Strike
0-2: Strikes out swinging
Top of the 10th over - 0 run(s), 0 hit(s), 0 error(s), 0 left on base; Casper 5 - Springfield 5
BOTTOM OF THE 10TH
Springfield Shooters batting - Pitching for Casper Ghosts : RHP Kyle Buckman
Now in LF: Warner Robinson
Batting: RHB Ethan Miller 0-0: SINGLE (Line Drive, 78S)
Pinch Runner at 1st David Abreu:
Batting: RHB Roy Herring 0-0: Called Strike
David Abreu steals 2nd base
0-1: Foul Ball, location: 2F
0-2: Foul Ball, location: 2F
0-2: Ball
1-2: Foul Ball, location: 2F
1-2: Ground out 4-3 (Groundball, 4)
David Abreu to third
Batting: LHB Brad Shockley 0-0: Intentional Walk
Pinch Hitting: RHB Randy Galloway 0-0: Ball
1-0: Called Strike
1-1: Swinging Strike
1-2: Ball
2-2: Ball
3-2: Foul Ball, location: 2F
3-2: Base on Balls
Brad Shockley to second
Pinch Hitting: RHB Bennett Bates 0-0: Called Strike
0-1: Fly out, F4 (Popup, 4)
Batting: SHB Eugene Bentley 0-0: Foul Ball, location: 2F
0-1: Ground out 1-3 (Groundball, 2R)
Bottom of the 10th over - 0 run(s), 1 hit(s), 0 error(s), 3 left on base; Casper 5 - Springfield 5
TOP OF THE 11TH
Casper Ghosts batting - Pitching for Springfield Shooters : LHP Jim Unknown
Pitching: RHP Jim Unknown
Now at C: Randy Galloway
Now at 1B: Bennett Bates
Now at 3B: David Abreu
Batting: SHB José Juárez 0-0: Called Strike
0-1: DOUBLE (Line Drive, 7LM)
Pinch Hitting: RHB Freddy Carea 0-0: Intentional Walk
Pinch Hitting: SHB Erjan Kerstens 0-0: Called Strike
0-1: Bunted foul
0-2: Foul Ball, location: 2F
0-2: Ball
1-2: Fly out, F9 (Line Drive, 9M)
Batting: RHB Lorenzo Díaz 0-0: Called Strike
0-1: Ground out 4-3 (Groundball, 4M)
José Juárez to third
Freddy Carea to second
Batting: RHB Ron Coffman 0-0: Called Strike
0-1: Called Strike
0-2: Ball
1-2: Ball
2-2: Strikes out swinging
Top of the 11th over - 0 run(s), 1 hit(s), 0 error(s), 2 left on base; Casper 5 - Springfield 5
BOTTOM OF THE 11TH
Springfield Shooters batting - Pitching for Casper Ghosts : RHP Kyle Buckman
Now at 3B: Roberto De La Cruz
Now in RF: Jim Unknown
Batting: SHB Albert Santos 0-0: Ball
1-0: Foul Ball, location: 2F
1-1: Ground out 1-3 (Groundball, 34S)
Batting: RHB Michael Hicks 0-0: Ball
1-0: SINGLE (Line Drive, 78S)
Pinch Runner at 1st Alfredo Cuellar:
Batting: SHB Jared Jefferson 0-0: Ball
1-0: Fielders Choice at 2nd, 4-6 (Groundball, 34)
Pinch Hitting: RHB Júlio Cruz 0-0: Called Strike
0-1: Ball
1-1: Ball
2-1: Ball
3-1: Base on Balls
Jared Jefferson to second
Batting: RHB Roy Herring 0-0: Ball
1-0: Fly out, F8 (Flyball, 8RM)
Bottom of the 11th over - 0 run(s), 1 hit(s), 0 error(s), 2 left on base; Casper 5 - Springfield 5
TOP OF THE 12TH
Casper Ghosts batting - Pitching for Springfield Shooters : RHP Jim Unknown
Now at SS: Alfredo Cuellar
Now in CF: Enrico Díaz
Pinch Hitting: RHB Félix Ramos 0-0: Ball
1-0: Foul Ball, location: 2F
1-1: Foul Ball, location: 2F
1-2: Ground out 1-3 (Groundball, 56S)
Batting: RHB Raúl Ruíz 0-0: Called Strike
0-1: Ball
1-1: Foul Ball, location: 2F
1-2: Foul Ball, location: 2F
1-2: Ball
2-2: Ground out 4-3 (Groundball, 4S)
Batting: RHB Warner Robinson 0-0: Called Strike
0-1: Called Strike
0-2: Ball
1-2: SINGLE (Line Drive, 9S)
Batting: RHB Jim Unknown 0-0: Fly out, F4 (Line Drive, 4)
Top of the 12th over - 0 run(s), 1 hit(s), 0 error(s), 1 left on base; Casper 5 - Springfield 5
BOTTOM OF THE 12TH
Springfield Shooters batting - Pitching for Casper Ghosts : RHP Kyle Buckman
Now at C: Roberto Toledo
Batting: LHB Brad Shockley 0-0: Ball
1-0: Foul Ball, location: 2F
1-1: Foul Ball, location: 2F
1-2: Ball
2-2: Foul Ball, location: 2F
2-2: DOUBLE (Line Drive, 8LD)
Batting: RHB Randy Galloway 0-0: Ball
1-0: Ball
2-0: Called Strike
2-1: SINGLE (Groundball, 56D)
Brad Shockley to third
Batting: RHB Bennett Bates 0-0: Ball
1-0: Called Strike
1-1: Ball
2-1: Called Strike
2-2: Foul Ball, location: 2F
2-2: Foul Ball, location: 2F
2-2: Foul Ball, location: 2F
2-2: Ball
3-2: Base on Balls
Randy Galloway to second
Pitching: RHP Anthony Snyder
Batting: SHB Eugene Bentley 0-0: Called Strike
0-1: Swinging Strike
0-2: Strikes out looking
Batting: SHB Albert Santos 0-0: Foul Ball, location: 2F
0-1: Called Strike
0-2: Foul Ball, location: 2F
0-2: Strikes out swinging
Pinch Hitting: RHB Jim Unknown 0-0: Called Strike
0-1: Called Strike
0-2: Ball
1-2: Ball
2-2: Ball
3-2: Strikes out looking
Bottom of the 12th over - 0 run(s), 2 hit(s), 0 error(s), 3 left on base; Casper 5 - Springfield 5
TOP OF THE 13TH
Casper Ghosts batting - Pitching for Springfield Shooters : RHP Jim Unknown
Now at 3B: Jim Unknown
Batting: SHB José Juárez 0-0: Ball
1-0: Ground out U3 (Groundball, 3)
Pinch Hitting: LHB Kyle Mann 0-0: Ball
1-0: Ground out 6-3 (Groundball, 6)
Batting: LHB Jim Unknown 0-0: Called Strike
0-1: Ball
1-1: Foul Ball, location: 2F
1-2: Strikes out swinging
Top of the 13th over - 0 run(s), 0 hit(s), 0 error(s), 0 left on base; Casper 5 - Springfield 5
BOTTOM OF THE 13TH
Springfield Shooters batting - Pitching for Casper Ghosts : RHP Anthony Snyder
Now in CF: Kyle Mann
Batting: SHB Jared Jefferson 0-0: Called Strike
0-1: Ball
1-1: Ball
2-1: Foul Ball, location: 2F
2-2: Strikes out swinging
Pinch Hitting: RHB Ricardo Baraja 0-0: Called Strike
0-1: Swinging Strike
0-2: Fly out, F7 (Flyball, 78M)
Batting: RHB Roy Herring 0-0: Foul Ball, location: 2F
0-1: Called Strike
0-2: Ball
1-2: Foul Ball, location: 2F
1-2: Strikes out looking
Bottom of the 13th over - 0 run(s), 0 hit(s), 0 error(s), 0 left on base; Casper 5 - Springfield 5
TOP OF THE 14TH
Casper Ghosts batting - Pitching for Springfield Shooters : RHP Jim Unknown
Now in CF: Jim Unknown
Batting: RHB Lorenzo Díaz 0-0: Called Strike
0-1: Foul Ball, location: 2F
0-2: Ball
1-2: Strikes out swinging
Batting: RHB Ron Coffman 0-0: Ball
1-0: Ball
2-0: Called Strike
2-1: Ground out 5-3 (Groundball, 15S)
Pinch Hitting: SHB Alonso Rodríguez 0-0: Called Strike
0-1: Ball
1-1: Called Strike
1-2: Ball
2-2: Ground out 4-3 (Groundball, 34)
Top of the 14th over - 0 run(s), 0 hit(s), 0 error(s), 0 left on base; Casper 5 - Springfield 5
BOTTOM OF THE 14TH
Springfield Shooters batting - Pitching for Casper Ghosts : RHP Anthony Snyder
Now at C: John Carter
Batting: LHB Brad Shockley 0-0: Called Strike
0-1: Foul Ball, location: 2F
0-2: Ball
1-2: SINGLE (Groundball, 56D)
Batting: RHB Randy Galloway 0-0: Bunted foul
0-1: Bunted foul
0-2: Ball
1-2: Ball
2-2: Ball
3-2: Base on Balls
Brad Shockley to second
Batting: RHB Bennett Bates 0-0: Bunt missed!
0-1: Bunt missed!
0-2: Ball
1-2: Foul Ball, location: 2F
1-2: Foul Ball, location: 2F
1-2: Fly out, F7 (Flyball, 8LM)
Batting: SHB Eugene Bentley 0-0: SINGLE (Flyball, 8LS)
Brad Shockley to third
Randy Galloway to second
Batting: SHB Albert Santos 0-0: Fly out, F6 (Line Drive, 6M)
Batting: RHB Jim Unknown 0-0: Called Strike
0-1: Called Strike
0-2: Strikes out swinging
Bottom of the 14th over - 0 run(s), 2 hit(s), 0 error(s), 3 left on base; Casper 5 - Springfield 5
TOP OF THE 15TH
Casper Ghosts batting - Pitching for Springfield Shooters : RHP Jim Unknown
Pitching: RHP Jim Unknown
Batting: RHB Raúl Ruíz 0-0: Swinging Strike
0-1: Foul Ball, location: 2F
0-2: Hit by Pitch
Batting: RHB Warner Robinson 0-0: SINGLE (Groundball, 56D)
Raúl Ruíz to second
Batting: RHB Jim Unknown 0-0: Swinging Strike
0-1: Ball
1-1: SINGLE (Line Drive, 4MD)
Raúl Ruíz to third
Warner Robinson to second
Batting: SHB José Juárez 0-0: Ball
1-0: Ball
2-0: Called Strike
2-1: Foul Ball, location: 2F
2-2: Strikes out swinging
Batting: LHB Kyle Mann 0-0: Ball
1-0: Ball
2-0: Grounds into fielders choice 4-2 (Groundball, 4MS)
Warner Robinson to third
Jim Unknown to second
Batting: LHB Jim Unknown 0-0: Ball
1-0: Ground out 1-3 (Groundball, 15S)
Top of the 15th over - 0 run(s), 2 hit(s), 0 error(s), 3 left on base; Casper 5 - Springfield 5
BOTTOM OF THE 15TH
Springfield Shooters batting - Pitching for Casper Ghosts : RHP Anthony Snyder
Batting: SHB Jared Jefferson 0-0: Fly out, F3 (Popup, 3F)
Batting: RHB Jim Unknown 0-0: SINGLE (Line Drive, 4M)
Batting: RHB Roy Herring 0-0: Called Strike
0-1: Ball
1-1: SINGLE (Line Drive, 8RS)
Jim Unknown to second
Batting: LHB Brad Shockley 0-0: Ball
1-0: SINGLE (Groundball, 56)
Jim Unknown to third
Roy Herring to second
Batting: RHB Randy Galloway 0-0: Foul Ball, location: 2F
0-1: Called Strike
0-2: Ball
1-2: Ball
2-2: Ball
3-2: Grounds into fielders choice 5-2 (Groundball, 5)
Roy Herring to third
Brad Shockley to second
Pitching: RHP Jim Unknown
Batting: RHB Bennett Bates 0-0: Ball
1-0: Swinging Strike
1-1: Ball
2-1: Ball
3-1: Foul Ball, location: 2F
3-2: Foul Ball, location: 2F
3-2: Strikes out swinging
Bottom of the 15th over - 0 run(s), 3 hit(s), 0 error(s), 3 left on base; Casper 5 - Springfield 5
TOP OF THE 16TH
Casper Ghosts batting - Pitching for Springfield Shooters : RHP Jim Unknown
Batting: RHB Lorenzo Díaz 0-0: Ball
1-0: Called Strike
1-1: Ball
2-1: Ball
3-1: Base on Balls
Batting: RHB Ron Coffman 0-0: Bunted foul
0-1: Sac Bunt - play at first, batter OUT! 4-3
Lorenzo Díaz to second
Batting: RHB John Carter 0-0: Ball
1-0: Called Strike
1-1: Ball
2-1: Foul Ball, location: 2F
2-2: Strikes out swinging
Batting: RHB Raúl Ruíz 0-0: Swinging Strike
0-1: Ball
1-1: Foul Ball, location: 2F
1-2: Strikes out swinging
Top of the 16th over - 0 run(s), 0 hit(s), 0 error(s), 1 left on base; Casper 5 - Springfield 5
BOTTOM OF THE 16TH
Springfield Shooters batting - Pitching for Casper Ghosts : RHP Jim Unknown
Batting: SHB Eugene Bentley 0-0: Ball
1-0: Ground out 5-3 (Groundball, 56S)
Batting: SHB Albert Santos 0-0: Ball
1-0: Ball
2-0: Foul Ball, location: 2F
2-1: Foul Ball, location: 2F
2-2: Ground out 5-3 (Groundball, 5S)
Now at 3B: Israel Sanders
Batting: RHB Jim Unknown 0-0: Foul Ball, location: 2F
0-1: Ball
1-1: Foul Ball, location: 2F
1-2: Foul Ball, location: 2F
1-2: SINGLE (Groundball, 6MD)
Batting: SHB Jared Jefferson 0-0: SINGLE (Line Drive, 4MD)
Jim Unknown to second
Runner from 2nd tries for 3rd, SAFE, throw made to third
Batting: RHB Jim Unknown 0-0: Swinging Strike
0-1: Fly out, F8 (Flyball, 8LM)
Bottom of the 16th over - 0 run(s), 2 hit(s), 0 error(s), 2 left on base; Casper 5 - Springfield 5
TOP OF THE 17TH
Casper Ghosts batting - Pitching for Springfield Shooters : RHP Jim Unknown
Batting: RHB Israel Sanders 0-0: Called Strike
0-1: Ball
1-1: Swinging Strike
1-2: Foul Ball, location: 2F
1-2: Strikes out looking
Batting: RHB Jim Unknown 0-0: Ball
1-0: Called Strike
1-1: Ball
2-1: Ground out 1-3 (Groundball, 13S)
Batting: SHB José Juárez 0-0: Foul Ball, location: 2F
0-1: Called Strike
0-2: Strikes out looking
Top of the 17th over - 0 run(s), 0 hit(s), 0 error(s), 0 left on base; Casper 5 - Springfield 5
BOTTOM OF THE 17TH
Springfield Shooters batting - Pitching for Casper Ghosts : RHP Jim Unknown
Batting: RHB Roy Herring 0-0: Ball
1-0: Foul Ball, location: 2F
1-1: Ball
2-1: Foul Ball, location: 2F
2-2: Strikes out swinging
Batting: LHB Brad Shockley 0-0: Ball
1-0: Ball
2-0: Ball
3-0: Called Strike
3-1: Base on Balls
Batting: RHB Randy Galloway 0-0: Ball
1-0: Called Strike
1-1: Hit by Pitch
Brad Shockley to second
Batting: RHB Bennett Bates 0-0: Ball
1-0: Ball
2-0: Called Strike
2-1: SINGLE (Flyball, 78M)
Brad Shockley to third
Randy Galloway to second
Batting: SHB Eugene Bentley 0-0: Called Strike
0-1: Ball
1-1: Called Strike
1-2: Ball
2-2: Foul Ball, location: 2F
2-2: Ball
3-2: Foul Ball, location: 2F
3-2: Foul Ball, location: 2F
3-2: Foul Ball, location: 2F
3-2: Fly out, F9 (Flyball, 9M)
Batting: SHB Albert Santos 0-0: Ball
1-0: Ball
2-0: Called Strike
2-1: Fly out, F6 (Popup, 4M)
Bottom of the 17th over - 0 run(s), 1 hit(s), 0 error(s), 3 left on base; Casper 5 - Springfield 5
TOP OF THE 18TH
Casper Ghosts batting - Pitching for Springfield Shooters : RHP Jim Unknown
Batting: LHB Kyle Mann 0-0: Called Strike
0-1: Ball
1-1: Ground out 5-3 (Groundball, 15S)
Batting: LHB Jim Unknown 0-0: Called Strike
0-1: Ball
1-1: Ball
2-1: Ball
3-1: Base on Balls
Batting: RHB Lorenzo Díaz 0-0: Ball
1-0: Foul Ball, location: 2F
1-1: Ball
2-1: Fly out, F9 (Line Drive, 89S)
Batting: RHB Ron Coffman 0-0: Ball
1-0: Foul Ball, location: 2F
1-1: Ball
2-1: Ball
3-1: SINGLE (Groundball, 34)
Jim Unknown to second
Runner from 2nd tries for 3rd, SAFE, throw made to third
Pitching: RHP Jim Unknown
Batting: RHB John Carter 0-0: SINGLE (Line Drive, 56)
Jim Unknown scores
Ron Coffman to second
Batting: RHB Raúl Ruíz 0-0: Foul Ball, location: 2F
0-1: Foul Ball, location: 2F
0-2: Ball
1-2: Ball
2-2: Ball
3-2: Foul Ball, location: 2F
3-2: Foul Ball, location: 2F
3-2: Strikes out swinging
Top of the 18th over - 1 run(s), 2 hit(s), 0 error(s), 2 left on base; Casper 6 - Springfield 5
BOTTOM OF THE 18TH
Springfield Shooters batting - Pitching for Casper Ghosts : RHP Jim Unknown
Batting: RHB Jim Unknown 0-0: Called Strike
0-1: Swinging Strike
0-2: Strikes out swinging
Batting: SHB Jared Jefferson 0-0: Called Strike
0-1: Ground out U3 (Groundball, 3L)
Batting: RHB Jim Unknown 0-0: Ball
1-0: Ball
2-0: Ball
3-0: Called Strike
3-1: Ground out 1-3 (Groundball, 13S)
Bottom of the 18th over - 0 run(s), 0 hit(s), 0 error(s), 0 left on base; Casper 6 - Springfield 5
This league is powered by Out of the Park Baseball, the baseball management simulation game for PC, Mac and Linux
Friday, July 8th, 2016 - OOTP Baseball 16.9 Build 39